 Dungeon Crawl Stone Soup version 0.26.0-10-g1f06aea511 (webtiles) character file.

Game seed: 16470166409219811029

2515 DearestLeader the Cleaver (level 9, -4/74 HPs)
             Began as a Minotaur Fighter on Jan 14, 2021.
             Killed from afar by a lava snake (11 damage)
             ... with a glob of lava
             ... on level 7 of the Dungeon.
             The game lasted 00:10:46 (6911 turns).

DearestLeader the Cleaver (Minotaur Fighter)        Turns: 6911, Time: 00:10:47

Health: -4/74      AC: 14    Str: 29    XL:     9   Next: 29%
Magic:  8/8        EV:  7    Int:  5    God:
Gold:   406        SH: 10    Dex: 11    Spells: 8/8 levels left

rFire    . . .     SeeInvis .   a - +1 war axe
rCold    . . .     Faith    .   c - +0 kite shield
rNeg     . . .     Spirit   .   d - +3 chain mail {rPois}
rPois    +         Reflect  .   (helmet restricted)
rElec    .         Harm     .   (no cloak)
rCorr    .         Rampage  .   (no gloves)
Will     +....                  (no boots)
Stlth    ..........             (no amulet)
HPRegen  0.22/turn              B - +6 ring of strength
MPRegen  0.11/turn              A - ring of willpower

@: no status effects
A: retaliatory headbutt, horns 2
a: no special abilities


You were on level 7 of the Dungeon.
You visited 2 branches of the dungeon, and saw 8 of its levels.

You collected 406 gold pieces.

Inventory:

Hand Weapons
 a - a +1 war axe (weapon)
 l - a cursed -1 whip
Missiles
 m - 20 poisoned darts (quivered)
 u - 52 sling bullets
Armour
 c - a +0 kite shield (worn)
 d - a +3 chain mail of poison resistance (worn)
 q - a +0 plate armour
Jewellery
 f - a +6 ring of intelligence
 A - a ring of willpower (right hand)
 B - a +6 ring of strength (left hand)
Wands
 r - a wand of random effects (31)
 t - a wand of iceblast (5)
 v - a wand of enslavement (5)
 y - a wand of paralysis (12)
Scrolls
 e - 5 scrolls of remove curse
 h - a scroll of amnesia
 i - 3 scrolls of fear
 o - 4 scrolls of teleportation
 p - a scroll of fog
 w - a scroll of immolation
 x - a scroll of random uselessness {unknown}
Potions
 b - a potion of brilliance {unknown}
 g - a potion of heal wounds
 j - 4 potions of curing
 k - a potion of ambrosia {unknown}
 n - 2 potions of mutation {unknown}
 s - a potion of flight {unknown}


   Skills:
 - Level 5.0 Fighting
 * Level 11.8 Axes
 + Level 8.6 Armour
 + Level 2.4 Dodging
 - Level 4.1 Shields


You had 8 spell levels left.
You didn't know any spells.
Your spell library contained the following spells:

 Spells                   Type           Power        Failure   Level
 Sandblast                Erth           0%           100%        1
 Passwall                 Tmut/Erth      0%           100%        2
 Stone Arrow              Conj/Erth      0%           100%        3
 Petrify                  Tmut/Erth      0%           100%        4
 Lee's Rapid Deconstruct  Erth           0%           100%        5


Dungeon Overview and Level Annotations

Branches:
Dungeon (7/15)             Temple (1/1) D:5

Altars:
Cheibriados
Dithmenos
Elyvilon
Gozag
Hepliaklqana
Kikubaaqudgha
Ru
Sif Muna
Trog
Vehumet
Xom
Yredelemnul
Zin
The Shining One
Jiyva


Innate Abilities, Weirdness & Mutations

You reflexively headbutt those who attack you in melee.
You have a pair of horns on your head.


Message History

The kobold shouts!
The lava snake hisses angrily.
You hear a shout! x3
A big kobold comes into view. It is wielding a +0 club.
A kobold comes into view.
You closely miss the lava snake. The lava snake spits lava at you.
The glob of lava hits you.
* * * LOW HITPOINT WARNING * * *
The lava snake bites you.
* * * LOW HITPOINT WARNING * * *
You are engulfed in flames.
* * * LOW HITPOINT WARNING * * *
You closely miss the lava snake.
The lava snake bites you but does no damage.
You slash the lava snake!
The lava snake is severely wounded.
You slash the lava snake! You slash the big kobold!
You block the big kobold's attack. The lava snake spits lava at you.
The glob of lava hits you!
You die...

≈.≈≈≈§≈$§§§≈≈...........
§.≈###≈.≈###≈.#.#####..#
≈.≈ #≈.§# #≈....#.....#
§.≈###≈.≈###§....#....>.
≈.≈§≈≈≈.≈§§§§......###.#
(§.....§..§.§§..#.. #.#
≈.§§§≈≈§§§≈≈≈...#.## #..
≈.≈###§§≈###§§.##.# #.#
≈. #S@≈# #§.. .# #.# ≈
#SK§# . #.. ≈≈≈K≈§≈ #.
...§§..§...
≈.≈≈§§≈.≈≈≈≈≈.#
≈.≈###≈K≈###§.# ≈.≈
#§§≈# ≈.# ≈. #§ ≈# .#


You could see a big kobold, 2 lava snakes and a kobold.

Vanquished Creatures
  4 yaks (D:7)
  A water moccasin (D:6)
  Duvessa (D:4)
  A sky beast (D:6)
  A black bear (D:6)
  An ice beast (D:5)
  4 ogres
  A centaur (D:6)
  2 bullfrogs
  A gnoll sergeant (D:6)
  Dowan (D:4)
  A scorpion (D:6)
  3 wights (D:6)
  2 howler monkeys
  2 hounds
  An orc priest (D:3)
  Ijyb (D:4)
  An iguana (D:5)
  2 worker ants
  2 orc wizards
  A killer bee zombie (D:6)
  6 gnolls
  9 adders
  2 ufetubi (D:6)
  3 oozes
  A worm (D:2)
  A dart slug (D:2)
  6 leopard geckos
  20 orcs
  A ball python (D:3)
  A giant cockroach (D:1)
  11 goblins
  10 hobgoblins
  7 jackals
  12 kobolds
  3 quokkas
  9 bats
  6 frilled lizards
  A leopard gecko skeleton (D:6)
  A quokka zombie (D:6)
  11 rats
155 creatures vanquished.

Vanquished Creatures (collateral kills)
  2 orcs (D:6)
2 creatures vanquished.

Vanquished Creatures (others)
  An orc wizard (D:6)
1 creature vanquished.

Grand Total: 158 creatures vanquished

Notes
Turn   | Place    | Note
-------+----------+-------------------------------------------
     0 | D:1      | DearestLeader the Minotaur Fighter began the quest for the
                  | Orb.
     0 | D:1      | Reached XP level 1. HP: 19/19 MP: 0/0
    25 | D:1      | Reached skill level 3 in Axes
    93 | D:1      | Reached XP level 2. HP: 26/26 MP: 1/1
   283 | D:1      | Reached skill level 4 in Axes
   334 | D:1      | Reached XP level 3. HP: 30/31 MP: 2/2
   778 | D:2      | Found a shadowy altar of Dithmenos.
   919 | D:2      | Reached skill level 5 in Axes
   971 | D:2      | Found a glowing golden altar of the Shining One.
   989 | D:2      | Reached XP level 4. HP: 37/40 MP: 3/3
  1696 | D:3      | Found a snail-covered altar of Cheibriados.
  1750 | D:3      | Reached XP level 5. HP: 43/46 MP: 4/4
  1890 | D:3      | Found a glowing silver altar of Zin.
  2610 | D:4      | Reached skill level 6 in Axes
  2738 | D:4      | Noticed Ijyb
  2746 | D:4      | Noticed Dowan
  2752 | D:4      | Killed Ijyb
  2753 | D:4      | Reached XP level 6. HP: 50/53 MP: 5/5
  2756 | D:4      | Killed Dowan
  2761 | D:4      | Noticed Duvessa
  2786 | D:4      | Killed Duvessa
  2961 | D:4      | Reached skill level 7 in Axes
  3027 | D:4      | Reached skill level 5 in Fighting
  3027 | D:4      | Reached skill level 5 in Armour
  3105 | D:4      | Reached XP level 7. HP: 54/61 MP: 6/6
  3657 | D:5      | Entered Level 5 of the Dungeon
  3683 | D:5      | Reached skill level 8 in Axes
  3823 | D:5      | Found a bloodstained altar of Trog.
  3996 | D:5      | Reached skill level 9 in Axes
  4294 | D:5      | Found a staircase to the Ecumenical Temple.
  4305 | Temple   | Entered the Ecumenical Temple
  4614 | D:5      | Found a white marble altar of Elyvilon.
  4623 | D:5      | Got a translucent kite shield
  4633 | D:5      | Identified the +1 kite shield "Qumadweo" {Harm *Drain
                  | Will++ Int+4} (You found it on level 5 of the Dungeon)
  4926 | D:6      | Reached XP level 8. HP: 56/56 MP: 7/7
  5658 | D:6      | Found a basalt altar of Yredelemnul.
  5686 | D:6      | Found a shimmering altar of Xom.
  5915 | D:6      | Reached skill level 10 in Axes
  6419 | D:6      | Reached skill level 11 in Axes
  6854 | D:7      | Reached skill level 1 in Dodging
  6854 | D:7      | Reached XP level 9. HP: 72/74 MP: 8/8
  6876 | D:7      | HP: 2/74 [phantom (7)]
  6911 | D:7      | Killed from afar by a lava snake

Illustrated notes

Levels and vault maps discovered:
D:1:      dpeg_arrival_leaves_temple_mockup, layout_rooms,
          kennysheep_small_spiral, minivault_25
D:2:      layout_basic, old_standard_altar, tso_metal_star
D:3:      layout_basic, marbit_many_paths, cheibriados_altar_1
D:4:      layout_gridville, uniq_duvessa, uniq_ijyb
D:5:      layout_basic, lemuel_doored_altar, old_standard_altar,
          minmay_temple_entry_offerings
D:6:      layout_basic, xom_butterflies, basic_altar
D:7:      layout_basic, kennysheep_little_box,
          gammafunk_temple_overflow_forgotten, enter_bailey_2, kennysheep_boxes
Temple:   pf_slime_end_temple

Skill      XL: |  1  2  3  4  5  6  7  8  9 |
---------------+----------------------------+-----
Axes           | 3 4 5 6 7 9 11 | 11.8
Shields        | 4 |  4.1
Fighting       | 4 5 |  5.0
Armour         | 4 5 6 8 |  8.6
Dodging        | 1 2 |  2.4

Action                   |  1- 3 |  4- 6 |  7- 9 || total
-------------------------+-------+-------+-------++-------
Melee: War axe           |    88 |   132 |   193 ||   413
       Headbutt          |    11 |    18 |    33 ||    62
Evoke: Wand              |       |       |     2 ||     2
  Use: Potion            |       |     2 |     1 ||     3
       Scroll            |       |       |    10 ||    10
Armor: Scale mail        |    26 |    25 |       ||    51
       Plate armour      |       |    22 |       ||    22
       Chain mail        |       |     9 |    90 ||    99
Dodge: Dodged            |    29 |    24 |    52 ||   105
Block: Kite shield       |    50 |    45 |    94 ||   189
